AoeStats
← Leleco

Oasis

507156832Analyzed
4v4 RM · 17d ago on Sep 16, 2026· 17m 50s· 8 players
Game mode
Random Map
Map size
Large (8 player)
Population
200
Speed
Normal
Resources
Standard
Victory
Conquest
Starting age
Dark Age
Ending age
Imperial Age
RankedLock teamsTeams togetherTeam positionsShared explorationLock speedFull tech treeHidden civsTurbo modeCheats
Victory
Defeat
🇦🇷 Magyars · Argentina
1451
+12
🇺🇾 Armenians · Uruguay
1395
+15
🇹🇼 Cumans · Taiwan
1382
+15
🇦🇺 Poles · Australia
1367
+16
🇺🇸 Britons · United States
1388
-15
🇷🇺 Spanish · Russia
1378
-15
🇨🇳 Koreans · China
1372
-15
🇨🇦 Berbers · Canada
1331
-13
Faith
8:07 Loom
10:38 Feudal Age
14:22 Castle Age
12:51 Double-Bit Axe
GermanIvk052008
7:04 Loom
10:25 Feudal Age
11:09 Double-Bit Axe
14:36 Wheelbarrow
tima_1999
7:14 Loom
9:25 Feudal Age
12:18 Double-Bit Axe
14:58 Horse Collar
16:24 Bloodlines
16:40 Scale Barding Armor
kwestes
7:03 Loom
9:22 Feudal Age
10:47 Double-Bit Axe
14:54 Padded Archer Armor
15:10 Fletching
16:10 Horse Collar
[LdS]Nestoter
6:15 Loom
8:41 Feudal Age
10:10 Double-Bit Axe
10:08 Horse Collar
15:57 Fletching
Leleco
2:53 Loom
9:53 Feudal Age
10:25 Double-Bit Axe
10:22 Horse Collar
20:15 Castle Age
斷頭將軍拒當逃兵
0:26 Loom
12:08 Feudal Age
14:28 Double-Bit Axe
15:04 Horse Collar
Josephine Explosiphine
7:08 Loom
9:17 Feudal Age
10:03 Horse Collar
10:10 Double-Bit Axe
17:48 Bloodlines
Connection lost

Rejoining the realm…

Still unreachable

The connection could not be restored.

Session expired

The server has moved on; the page needs a fresh start.